 Dungeon Crawl Stone Soup version 0.28-a0-823-gb444dcf96d (webtiles) character file.

Game seed: 3070539585971673533

53 freelancePsychic the Firebug (level 3, -6/26 HPs)
             Began as a Draconian Fire Elementalist on Nov 9, 2021.
             Mangled by Grinder (7 damage)
             ... while paralysed by Grinder
             ... on level 3 of the Dungeon.
             The game lasted 00:04:48 (2737 turns).

freelancePsychic the Firebug (DrFE)                 Turns: 2737, Time: 00:04:50

Health: -6/26      AC:  5    Str: 10    XL:     3   Next: 62%
Magic:  6/6        EV:  2    Int: 16    God:
Gold:   108        SH:  0    Dex: 11    Spells: 6/7 levels left

rFire   + . .      SeeInvis .   a - +0 dagger
rCold   . . .      Faith    .   (no shield)
rNeg    + . .      Spirit   .   (armour unavailable)
rPois   .          Reflect  .   (helmet restricted)
rElec   .          Harm     .   (no cloak)
rCorr   .          Rampage  .   (no gloves)
Will    .....                   (no boots)
Stlth   ++........              (no amulet)
HPRegen 0.08/turn               f - ring of protection from fire
MPRegen 0.10/turn               k - ring of positive energy

@: paralysed, attractive
A: AC +5, unfitting armour, cold-blooded
a: no special abilities


You were on level 3 of the Dungeon.
You visited 1 branch of the dungeon, and saw 3 of its levels.

You collected 108 gold pieces.

Inventory:

Hand Weapons
 a - a +0 dagger (weapon)
Missiles
 h - 5 poisoned darts
Armour
 n - a +0 buckler
Jewellery
 f - a ring of protection from fire (left hand)
 j - a ring of flight
 k - a ring of positive energy (right hand)
Scrolls
 b - a scroll of immolation {unknown}
 c - a scroll of silence {unknown}
 e - a scroll of fog {unknown}
 i - a scroll of enchant weapon {unknown}
 m - a scroll of amnesia


   Skills:
 + Level 0.0 Fighting
 - Level 1.7 Dodging
 - Level 1.7 Stealth
 + Level 2.6 Spellcasting
 + Level 2.2 Conjurations
 + Level 3.6 Fire Magic


You had 6 spell levels left.
You knew the following spells:

 Your Spells              Type           Power      Damage    Failure   Level
a - Foxfire               Conj/Fire      44%        2x1d6     6%          1

Your spell library contained the following spells:

 Spells                   Type           Power      Damage    Failure   Level
 Scorch                   Fire           26%        2d6       7%          2
 Conjure Flame            Conj/Fire      11%        6-21      19%         3
 Inner Flame              Hex/Fire       7%         N/A       28%         3
 Flame Wave               Conj/Fire      11%        3d4       52%         4


Dungeon Overview and Level Annotations

Branches:
Dungeon (3/15)

Altars:

Annotations:
D:3 Grinder


Innate Abilities, Weirdness & Mutations

Your plain brown scales are hard. (AC +5)
You cannot fit into any form of body armour.
You are cold-blooded and may be slowed by cold attacks.


Message History

You are too confused!
You are too confused!
You are too confused!
You are too confused!
You are too confused!
You are too confused!
You are too confused!
You are too confused!
You are too confused!
You are too confused!
You are too confused!
You are too confused!
Grinder blinks!
The kobold throws a poisoned dart.
The poisoned dart barely misses you. The kobold is attracted toward you.
Grinder is attracted toward you.
You hit Grinder but do no damage.
Grinder is severely wounded.
Grinder blinks!
The kobold hits you but does no damage. Grinder is attracted toward you.
Grinder misses you.
You feel less invigorated.
You feel less confused. Grinder barely misses you. Grinder misses you.
The kobold barely misses you. Grinder hits you.
Grinder says, "Just stop there for a second..."
Grinder gestures at you. Pain shoots through your body!
Grinder is attracted toward you. The kobold is attracted toward you.
You are too injured to fight recklessly!
Grinder gestures at you.
You suddenly lose the ability to move!
Grinder is attracted toward you. The kobold is attracted toward you.
Grinder hits you!
You writhe in agony.
* * * LOW HITPOINT WARNING * * *
Grinder hits you.
* * * LOW HITPOINT WARNING * * *
Grinder hits you but does no damage. Grinder hits you!
You die...

### ########
#####.############ .......#
.. #.................
######.# ..#
#@################
#.#####.#.#5#
######....##.#.#K#
........#.##.#.#.#
........#'##.#.#.##########
.............#.#...........
.............#.#...........
.............#.#...........
#######........#....###....


You could see Grinder and a kobold.

Vanquished Creatures
  An adder (D:2)
  3 ball pythons
  2 endoplasms
  A giant cockroach (D:3)
  2 goblins
  6 hobgoblins
  4 jackals (D:1)
  5 quokkas
  3 bats
  5 kobolds
  7 rats
39 creatures vanquished.

Vanquished Creatures (others)
  98 foxfires
98 creatures vanquished.

Grand Total: 137 creatures vanquished

Notes
Turn   | Place    | Note
-------+----------+-------------------------------------------
     0 | D:1      | freelancePsychic the Draconian Fire Elementalist began the
                  | quest for the Orb.
     0 | D:1      | Reached XP level 1. HP: 14/14 MP: 3/3
   504 | D:2      | Reached XP level 2. HP: 20/20 MP: 3/5
  1294 | D:1      | Reached XP level 3. HP: 26/26 MP: 0/6
  2709 | D:3      | Noticed Grinder
  2709 | D:3      | Paralysed by Grinder for 3 turns
  2733 | D:3      | Paralysed by Grinder for 5 turns
  2735 | D:3      | HP: 1/26 [Grinder (5)]
  2737 | D:3      | Mangled by Grinder

Illustrated notes

Levels and vault maps discovered:
D:1:      lightli_arrival_noodles, layout_basic, chequers_serial_rivers_micro_d,
          chequers_hall_statues_corner_a
D:2:      minmay_inner_zag, layout_rooms
D:3:      layout_basic, chequers_ecumenical_altar_grove, uniq_grinder

Skill      XL: |  1  2  3 |
---------------+----------+-----
Conjurations   | 2 |  2.2
Dodging        | |  1.7
Stealth        | |  1.7
Spellcasting   | |  2.6
Fire Magic     | |  3.6

Action                   || total
-------------------------++-------
Melee: Dagger            ||    78
       Unarmed           ||     1
       Tailslap          ||     1
 Cast: Foxfire           ||    58
  Use: Potion            ||     3
       Scroll            ||     2
 Stab: Sleeping          ||     1
Armor: Skin              ||    40
Dodge: Dodged            ||    74

Table legend: (Time is in decaauts)
 A = Elapsed time spent in this place.
 B = Non-inter-level travel time spent in this place.
 C = Inter-level travel time spent in this place.
 D = Time resting spent in this place.
 E = Time spent auto-exploring this place.
 F = Levels seen in this place.
 G = Mean time per level.
                   A        B        C        D        E       F      G
               +--------+--------+--------+--------+--------+-----+--------+
         Total |   2736 |   2651 |     85 |      0 |   2268 |   3 |  912.0 |
       Dungeon |   2736 |   2651 |     85 |      0 |   2268 |   3 |  912.0 |
               +--------+--------+--------+--------+--------+-----+--------+

Top non-repeatable levels by time:
     D:1: 1200 daAuts
     D:2: 787 daAuts
     D:3: 747 daAuts
